Cogmind - Beta 14 X2 @@@ ROGUE MODE // 2024.08.03 @ 11:38:04 Player: alice_fexa Result: Destroyed by G-47 Trooper with Particle Gun Performance ------------- Evolutions (0) 0 Regions Visited (2) 400 Robots Destroyed (19) 95 Value Destroyed (479) 479 Prototype IDs (0) 0 Alien Tech Used (0) 0 Bonus (0) 0 TOTAL SCORE: 974 Bonus ------- None Cogmind --------- Core Integrity 0/250 Matter 300/300 Energy 250/250 System Corruption 0% Temperature Cool (9) Movement Treading (320) Ox2 Location -10/Mines Parts ------- > --- POWER (1) -------- Ion Engine > --- PROPULSION (2) --- Light Treads Wheel > --- UTILITY (2) ------ Improved Heat Sink High-capacity Storage Unit > --- WEAPON (2) ------- Small Laser Small Laser > --- INVENTORY (20) --- Ion Engine Ion Engine Light Ion Engine Improved Ion Engine Light Treads Compact Wheel Heat Sink Improved Heat Sink Medium Storage Unit High-capacity Matter Pod (200) Targeting Computer Propulsion Shielding Medium Armor Plating Hardened Light Armor Plating Small Laser Beam Rifle Particle Gun Heavy Assault Rifle Light Cannon Grenade Launcher Peak State ------------ > --- POWER ------------ Ion Engine > --- PROPULSION ------- Light Treads Compact Wheel > --- UTILITY ---------- Improved Heat Sink High-capacity Storage Unit > --- WEAPON ----------- Small Laser Small Laser > --- INVENTORY -------- Ion Engine Ion Engine Light Ion Engine Heat Sink Improved Heat Sink Medium Storage Unit High-capacity Matter Pod Propulsion Shielding Medium Armor Plating Hardened Light Armor Plating Small Laser Particle Gun Heavy Assault Rifle Light Cannon Grenade Launcher [Rating: 11] Favorites ----------- Power Ion Engine Engine Ion Engine Propulsion Light Treads Treads Light Treads Wheel Compact Wheel Utility High-capacity Storage Unit Device Heat Sink Storage High-capacity Storage Unit Protection Propulsion Shielding Weapon Small Laser Energy Gun Small Laser Ballistic Gun Assault Rifle Build | -11 -10 -10 ------- Run | Yrd Mat Min Slots Evolved . | . . . Power . | . . . Propulsion . | . . . Utility . | . . . Weapon . | . . . Parts Attached 33 | 6 26 1 Power 5 | 1 4 . Engine 5 | 1 4 . Core . | . . . Reactor . | . . . Propulsion 12 | 2 9 1 Treads 6 | 2 4 . Leg . | . . . Wheel 6 | . 5 1 Hover . | . . . Flight . | . . . Utility 7 | 1 6 . Device 3 | . 3 . Storage 3 | 1 2 . Processor . | . . . Hackware . | . . . Protection 1 | . 1 . Artifact . | . . . Weapon 9 | 2 7 . Energy Gun 5 | . 5 . Energy Cannon . | . . . Ballistic Gun 4 | 2 2 . Ballistic Cannon . | . . . Launcher . | . . . Special Weapon . | . . . Impact Weapon . | . . . Slashing Weapon . | . . . Piercing Weapon . | . . . Special Melee Weapon . | . . . Unidentified Prototypes . | . . . Parts Lost 9 | . 9 . Power 2 | . 2 . Propulsion 4 | . 4 . Utility . | . . . Weapon 3 | . 3 . Highest Loss Streak 5 | . 5 . To Critical Strikes . | . . . Average Slot Usage (%) 96 | . 96 100 Engine 13 | . 13 14 Treads 14 | . 14 14 Wheel 11 | . 11 14 Device 11 | . 11 14 Storage 14 | . 14 14 Protection 1 | . 2 . Energy Gun 14 | . 12 28 Ballistic Gun 12 | . 15 . Naked Turns . | . . . Heaviest Build 48 | 11 48 48 Greatest Support 40 | 40 40 16 Greatest Overweight (x) 13 | 2 13 4 Average Overweight (x) 2 | . 2 2 Largest Inventory Capacity 20 | 8 20 20 Average Capacity 18 | 7 19 20 Most Carried 20 | 4 14 20 Average Carried 10 | 2 8 18 Final Capacity 20 | 8 20 20 Final Carried 20 | 4 14 20 Class Distribution -------------------- 57% | Mutant 42% | Scavenger-Mutant Dominant Class ---------------- Mutant | -10/Materials Scavenger-Mutant | -10/Mines Resources | -11 -10 -10 ----------- Run | Yrd Mat Min Matter Collected 901 | 253 638 10 Remotely . | . . . Salvage Created 909 | . 783 126 Parts 37 | . 34 3 Haulers Intercepted 1 | . 1 . Recyclers Shooed 1 | . 1 . Parts Field Recycled . | . . . Retrieved Matter . | . . . Parts Self-Destructed . | . . . Prevented . | . . . Kills | -11 -10 -10 ------- Run | Yrd Mat Min Combat Hostiles Destroyed 11 | . 11 . Guns 11 | . 11 . Classes Destroyed 5 | . 5 . Tunneler 2 | . 1 1 Hauler 1 | . 1 . Recycler 3 | . 2 1 Watcher 2 | . 2 . Grunt 11 | . 11 . Best Kill Streak 4 | . 4 1 Combat Bots Only 2 | . 2 . Max Kills in Single Turn 1 | . 1 1 Gunslinging . | . . . Exploded . | . . . Melee . | . . . Uniques/NPCs Destroyed . | . . . Combat | -11 -10 -10 -------- Run | Yrd Mat Min Hostile Shots Fired 97 | . 94 3 Missed 19 | . 18 1 Damage Taken 1046 | . 1002 44 Core 250 | . 218 32 Absorbed by Shields . | . . . Redirected to Shielding 15 | . 15 . Regen/Repaired (Parts) 93 | . 93 . Core Remaining (%) 100 | 100 . . Volleys Fired 81 | . 75 6 Largest 2 | . 2 2 Hottest 80 | . 80 80 Shots Fired 161 | . 149 12 Gun 161 | . 149 12 Cannon . | . . . Launcher . | . . . Special . | . . . Kinetic 102 | . 102 . Thermal 59 | . 47 12 Explosive . | . . . Electromagnetic . | . . . Robot Hit Streak 12 | . 12 4 Robot Miss Streak 3 | . 3 1 Penetration Max . | . . . Secondary Targets 2 | . 2 . Max Gunslinging Chain 1 | . 1 . Shots Hit Robots 116 | . 108 8 Core Hits 43 | . 38 5 Critical Kills . | . . . Critical Parts Destroyed . | . . . Critical Strikes . | . . . Melee Attacks . | . . . Impact . | . . . Slashing . | . . . Piercing . | . . . Sneak Attacks . | . . . Combat Hostiles . | . . . Follow-up Attacks . | . . . Damage Inflicted 1310 | . 1221 89 Guns 1310 | . 1221 89 Cannons . | . . . Explosions . | . . . Melee . | . . . Ramming . | . . . Kinetic 811 | . 811 . Thermal 499 | . 410 89 Explosive . | . . . Electromagnetic . | . . . Impact . | . . . Slashing . | . . . Piercing . | . . . Highest Corruption . | . . . Average Corruption . | . . . Corruption Purged . | . . . Corruption Blocked . | . . . Overload Shots . | . . . Overflow Damage . | . . . Projectiles . | . . . Explosions . | . . . Melee . | . . . Knockbacks . | . . . Impact . | . . . Kinetic . | . . . Secondary . | . . . Self-Inflicted Damage . | . . . Shots . | . . . Rammed . | . . . Targets Rammed . | . . . Kicked . | . . . Crushed . | . . . Highest Temperature 32 | . 32 . Average Temperature 9 | . 9 . Received Heat Transfer 624 | . 600 24 Siege Activations . | . . . Robots Corrupted . | . . . Combat Hostiles . | . . . Parts Fried . | . . . Impact Corruptions . | . . . Robots Melted . | . . . Combat Hostiles . | . . . Parts Melted 2 | . 2 . Heat Transferred 1125 | . 925 200 Parts Sabotaged . | . . . Parts Stolen . | . . . Parts Stripped . | . . . Power Chain Reactions . | . . . Alert | -11 -10 -10 ------- Run | Yrd Mat Min Peak Influence 158 | . 158 33 Initial 8 | . . 8 Average 47 | . 54 26 Maximum Alert Level . | . . . Low Security (%) 100 | 100 100 100 Level 1 . | . . . Level 2 . | . . . Level 3 . | . . . Level 4 . | . . . Level 5 . | . . . High Security . | . . . Max Security . | . . . Squads Dispatched 3 | . 3 . Investigation . | . . . Extermination . | . . . Reinforcement 3 | . 3 . Assault . | . . . Garrison . | . . . Intercept . | . . . Searches Triggered . | . . . Construction Impeded . | . . . Haulers Reinforced . | . . . Active Scanning Responses . | . . . Cargo Convoy Interrupts . | . . . Stealth | -11 -10 -10 --------- Run | Yrd Mat Min Distress Signals 5 | . 5 . Communications Jammed . | . . . Distress Signals . | . . . Times Spotted 24 | . 21 3 Peak Tracking Total 4 | . 4 1 Tactical Retreats 1 | . 1 . Traps | -11 -10 -10 ------- Run | Yrd Mat Min Traps Triggered 4 | . 4 . Indirectly . | . . . Trap Hack Attempts . | . . . Triggered . | . . . Disarmed . | . . . Reprogrammed . | . . . Reused . | . . . Traps Extracted . | . . . Installed . | . . . Triggered . | . . . Machines | -11 -10 -10 ---------- Run | Yrd Mat Min Machines Disabled . | . . . Max in Single Turn . | . . . Machines Repaired . | . . . Machines Dismantled . | . . . Machines Sabotaged . | . . . Overloaded Fab Kills . | . . . Hacking | -11 -10 -10 --------- Run | Yrd Mat Min Machines Accessed 8 | . 8 . Terminals 5 | . 5 . Fabricators . | . . . Repair Stations 1 | . 1 . Recycling Units 2 | . 2 . Scanalyzers . | . . . Garrison Access . | . . . Total Hacks 21 | . 21 . Successful 13 | . 13 . Failed 8 | . 8 . Catastrophic . | . . . Database Lockouts . | . . . Manual 15 | . 15 . Terminals 15 | . 15 . Fabricators . | . . . Repair Stations 2 | . 2 . Recycling Units 4 | . 4 . Scanalyzers . | . . . Garrison Access . | . . . Terminal Hacks 4 | . 4 . Robot Analysis 2 | . 2 . Locate Traps 2 | . 2 . Fabricator Hacks . | . . . Repair Station Hacks 2 | . 2 . Scan Component 1 | . 1 . Repair 1 | . 1 . Recycling Unit Hacks 1 | . 1 . Retrieve Components 1 | . 1 . Scanalyzer . | . . . Garrison Access Hacks . | . . . Unauthorized Hacks 6 | . 6 . Terminals 6 | . 6 . Botnet 1 | . 1 . Skim 5 | . 5 . Fabricators . | . . . Repair Stations . | . . . Recycling Units . | . . . Scanalyzers . | . . . Garrison Access . | . . . Data Cores Recovered . | . . . Used . | . . . Hacking Detections 6 | . 6 . Full Trace Events . | . . . Feedback Events . | . . . Feedback Blocked . | . . . Robot Schematics Acquired . | . . . Robots Built . | . . . Authchips . | . . . Time . | . . . Total Robot Build Rating . | . . . Part Schematics Acquired . | . . . Parts Built . | . . . Authchips . | . . . Time . | . . . Total Part Build Rating . | . . . Parts Repaired 1 | . 1 . Time 26 | . 26 . Parts Recycled . | . . . Recycled Matter . | . . . Retrieved Matter . | . . . Retrieved Components 10 | . 10 . Parts Scanalyzed . | . . . Part Schematics Acquired . | . . . Parts Damaged . | . . . Bothacking | -11 -10 -10 ------------ Run | Yrd Mat Min Used RIF Installer . | . . . Robots Hacked . | . . . Non-combat . | . . . Combat . | . . . Robot Hacks Applied . | . . . Relay Couplers Released . | . . . Fabnet Peak Effective % . | . . . Robots Rewired . | . . . Allies Hacked . | . . . Hacks Repelled . | . . . Allies | -11 -10 -10 -------- Run | Yrd Mat Min Total Allies . | . . . Largest Group . | . . . Highest-Rated Group . | . . . Highest-Rated Ally . | . . . Total Orders . | . . . Ally Attacks . | . . . Total Damage . | . . . Kills . | . . . Allies Corrupted . | . . . Allies Melted . | . . . Intel | -11 -10 -10 ------- Run | Yrd Mat Min Robot Analysis Total 2 | . 2 . Derelict Logs Recovered . | . . . Drone Launches . | . . . Drone Recoveries . | . . . Exploration | -11 -10 -10 ------------- Run | Yrd Mat Min Turns Passed 1684 | 63 1345 276 Spaces Moved 876 | 33 705 138 Core 10 | 9 1 . Treads 113 | 24 89 . Legs . | . . . Wheels 753 | . 615 138 Hover . | . . . Flight . | . . . Fastest Speed 50 | 50 130 130 Average Speed 140 | 139 141 134 Slowest Speed 700 | 160 700 140 Overloaded Moves . | . . . Propulsion Burnouts . | . . . Robots Hopped . | . . . Cave-ins Triggered . | . . . Exploration Rate (%) 41 | 4 98 21 Regions Visited 2 Branch Regions 1 Pre-discovered Areas . | . . . Known Exits Taken . | . . . Unknown Exits Taken 2 | 1 1 . Scrap Searched . | . . . Spaces Dug . | . . . Terrain Destroyed . | . . . Melee . | . . . Projectile . | . . . AOE . | . . . Terrain Rammed . | . . . Walls Destroyed . | . . . Machines Disabled . | . . . Actions | -11 -10 -10 --------- Run | Yrd Mat Min Total 1171 | 47 907 217 Wait 150 | 5 80 65 Move 874 | 32 704 138 Hop . | . . . Pick Up 27 | 4 17 6 Fast Attach 20 | 6 14 . Attach 10 | . 10 . Detach 3 | . 3 . Swap 3 | . 2 1 Drop 3 | . 2 1 Fire 81 | . 75 6 Melee . | . . . Ram . | . . . Kick . | . . . Crush . | . . . Escape Stasis . | . . . Rewire . | . . . Trap . | . . . Miscellaneous . | . . . Route ------- -11/Scrapyard -10/Materials (discovered 6 exits: *Mat x3 / [*Min x2] / Sub) -10/Mines (discovered 2 exits: *Mat / Sub) History --------- Turn | Location | Event 5 | -11/Scrapyard | Discovered new exit (range 16) 64 | -11/Scrapyard | Entered Materials 314 | -10/Materials | Build established: Mutant 458 | -10/Materials | Core integrity fell below 50% 513 | -10/Materials | Discovered new exit (range 15) 566 | -10/Materials | Discovered new exit (range 12) 741 | -10/Materials | Repaired Lgt. Treads 776 | -10/Materials | Core integrity fell below 20% 806 | -10/Materials | Discovered new exit (range 7) 912 | -10/Materials | Lost 5 parts (1p2n2w) 1023 | -10/Materials | Discovered new exit (range 12) 1030 | -10/Materials | Learned location of 1 exit from Recycling 1070 | -10/Materials | Identified exit to Subcaves 1070 | -10/Materials | Identified exit to Materials 1098 | -10/Materials | Learned location of 2 exits from Subcaves 1115 | -10/Materials | Learned Storage emergency access door positions 1122 | -10/Materials | Learned location of 1 exit from Storage 1133 | -10/Materials | Learned 4 Subcaves zone layouts 1153 | -10/Materials | Loaded intel: 1 repair station location 1263 | -10/Materials | Build established: Scavenger-Mutant 1409 | -10/Materials | Entered Mines 1424 | -10/Mines | Joined a pair of Derelicts in attacking an 0b10 outpost 1572 | -10/Mines | Discovered exit to Materials (range 9) 1685 | -10/Mines | Destroyed by G-47 Trooper with Particle Gun Last Messages --------------- 01439_ Acquired Lgt. Treads. 01441_ Acquired Imp. Ion Engine. 01443_ R-06 Scavenger collects Lgt. Armor Plating. 01445_ R-06 Scavenger collects Heat Sink. 01448_ Acquired Beam Rifle. 01448_ R-06 Scavenger collects Heat Sink. 01454_ 43-XRU(g): "I guess it's a good idea to hang out here and mop up anything else that comes by." 01469_ K-01 Serf collects debris. 01475_ Acquired Targeting Computer. 01491_ K-01 Serf collects debris. 01544_ T-07 Excavator destroyed. 01569_ R-06 Scavenger destroyed. 01572_ EXIT=FOUND: MATERIALS 01581_ Dropped Heat Sink. 01581_ Acquired Heat Sink. 01583_ Acquired 10 matter. 01588_ R-06 Scavenger collects Heat Sink. 01621_ R-06 Scavenger collects Com. Wheel. 01675_ K-01 Serf collects debris. Map ----- +----------------------------------------------------+ | ???????????????????????????????????????? | | ???????????????????????????????????????? | | ???????????????????????????????????????? | | ???????????????????????????????????????? | | ???????????????????????????????????????? | | ???????????????????????????????????????? | | ???????????????????????????????????????? | | ???????????????#???????????????????????? | | ?????????????? #????? ??????????????? | | ?????????##### ### ???????????????? | | ?????????# ???????????????????? | | ?????????# ???????????????????????? | | ?????????# #??????????????????????????? | | ?????????# #??????????????????????????? | | ?????????# #??????????????????????????? | | ?????????# ######?????????????????????? | | ?????????# ## ##????????????????????? | | ?????????# #????????????????????? | | ?????????# tg #????????????????????? | | ?????????## ## ##????????????????????? | | ??????????#####g##?????####????????????? | | ??????????????# #??????# #????????????? | | ??????????????# #?????## #????????????? | | ??????????????# #?##### #????????????? | | ?????????????## ### ##????????????? | | ??????????#### @ t #?????????????? | | ?????????## #?????????????? | | ????????## < ## ##?????????????? | | ????????# ######??????????????? | | ????????# % ##??????????????????? | | ????????# r #??????????????????? | | ????????## k #???????######?????? | | ?????????##### ##??????##"!!"##????? | | ?????????????### ###???????# "! ""#????? | | ???????????????# #?????????# %#?###? | | ???????????????# #?????????##% ### #? | | ???????????????# #?????????###++### #? | | ???????????????# #?????????# #? | | ???????????????# #?????????# ##? | | ???????????????# #?????????# ##?? | | ???????????????# #?????????# #??? | | ???????????????# #?????????# ##??? | | ???????????????# #?????????## ##???? | | ???????????????# #?????????## ##????? | | ???????????????# ########### ####### | | ???????????????# %! ## | | ???????????????######### ## ######## | | ???????????????????????# ### ###??????? | | ???????????????????????# #?# ##????????? | | ???????????????????????# ### #?????????? | +----------------------------------------------------+ Best States ------------- Heat Dissipation 39 Energy Generation 10 Energy Capacity 250 Matter Stores 300 Matter Capacity 300 Sight Range 16 Terrain Scan Density 10 Propulsion Shielding 33 Evasion (%) 40 Recoil Reduction 2 Item Schematics ----------------- None Robot Schematics ------------------ None Fabricated ------------ Nothing Alien Tech Used ----------------- None Achievements -------------- None Challenges ------------ None Game ------ Seed RecyclingDeuteriumChainsword Manual? 0 Play Time 00:07:34 Cumulative 1397.0 hours Start 2024.08.03 @ 11:31:13 End 2024.08.03 @ 11:38:04 Sessions 1 Manual Loads 0 Difficulty Rogue Special Mode None Game No. 1016 Rogue 976 Adventurer 40 Explorer 0 Win Type - Total 176 Types 79/8/63/2/1/4/16/2/1 Lore% 90 Gallery% 94 Achievement% 86 Wizard Run 0 Options --------- Layout 0 ASCII 0 Keyboard 0 Movement Numpad Keybinds 0 Fullscreen 0 Font 20/Terminus Map View 76x50 Zoom Use 0% Tactical HUD 1 Map Filters NONE Filters NONE Steam 1 RUN: c6e44a6f-3da7-4a98-932f-66f51f6241ad